 Dungeon Crawl Stone Soup version 0.29.1-12-g30fa7ad0bf (webtiles) character file.

Game seed: 9802271572046011159

30 CaptainMV the Charlatan (level 3, -4/24 HPs)
             Began as a Human Wanderer on Dec 13, 2022.
             Slain by an iguana (11 damage)
             ... on level 2 of the Dungeon.
             The game lasted 00:08:19 (1402 turns).

CaptainMV the Charlatan (Human Wanderer)            Turns: 1402, Time: 00:08:20

Health: -4/24      AC:  2    Str: 11    XL:     3   Next: 35%
Magic:  3/4        EV: 11    Int: 17    God:
Gold:   69         SH:  0    Dex: 10    Spells: 3/4 levels left

rFire   . . .      SeeInvis .   e - +0 dagger
rCold   . . .      Faith    .   (no shield)
rNeg    . . .      Spirit   .   c - +0 robe
rPois   .          Reflect  .   (no helmet)
rElec   .          Harm     .   (no cloak)
rCorr   .          Rampage  .   (no gloves)
Will    .....                   (no boots)
Stlth   +.........              (no amulet)
HPRegen 0.08/turn               (no ring)
MPRegen 0.09/turn               (no ring)

@: no status effects
A: no striking features
a: no special abilities


You were on level 2 of the Dungeon.
You visited 1 branch of the dungeon, and saw 2 of its levels.

You collected 69 gold pieces.

Inventory:

Hand Weapons
 a - a +0 club
 e - a +0 dagger (weapon)
Armour
 c - a +0 robe (worn)
Wands
 d - a wand of flame (5) (quivered)
Scrolls
 f - a scroll of amnesia {unknown}
 i - 2 scrolls of identify {unknown}
 j - a scroll of fear {unknown}
 k - a scroll of teleportation {unknown}
 l - a scroll of silence {unknown}
Potions
 b - a potion of berserk rage {unknown}
 g - a potion of brilliance {unknown}
 h - a potion of ambrosia {unknown}
 m - a potion of haste {unknown}


   Skills:
 + Level 0.2 Fighting
 + Level 0.2 Short Blades
 + Level 0.2 Dodging
 + Level 1.3 Spellcasting
 + Level 2.0 Summonings
 + Level 0.2 Transmutations
 + Level 3.2 Poison Magic
 + Level 4.5 Evocations


You had 3 spell levels left.
You knew the following spells:

 Your Spells              Type           Power      Damage    Failure   Level
a - Sting                 Tmut/Pois      28%        1d4       11%         1

Your spell library contained the following spells:

 Spells                   Type           Power      Damage    Failure   Level
 Summon Small Mammal      Summ           28%        N/A       10%         1
 Poisonous Vapours        Pois/Air       12%        N/A       16%         2
 Wereblood                Tmut           1%         N/A       28%         2
 Call Canine Familiar     Summ           7%         N/A       28%         3
 Sublimation of Blood     Necr           1%         N/A       32%         2
 Corpse Rot               Necr/Pois/Air  4%         N/A       78%         4
 Summon Hydra             Summ           3%         N/A       100%        7


Dungeon Overview and Level Annotations

Branches:
Dungeon (2/15)

Altars:


Message History

There is an open door here.
There is a stone staircase leading up here.
Things that are here:
a +0 dagger; a +0 whip
Things that are here:
a +0 whip; a kobold skeleton You now have 69 gold pieces (gained 7).
Found a stone staircase leading up.
Found a robe.
m - a white potion You open the door.
Found a robe.
There is an open door here.
You see here a +0 robe.
A goblin comes into view. It is wielding a +0 club.
You hit the goblin.
The goblin is severely wounded.
The goblin barely misses you.
You hit the goblin.
You kill the goblin!
Things that are here:
a +0 club; a goblin corpse
Found a stone staircase leading down.
Found a stone staircase leading up.
An iguana comes into view.
The iguana bites you!
You hit the iguana.
The iguana is lightly wounded.
The iguana bites you.
* * * LOW HITPOINT WARNING * * *
You hit the iguana.
The iguana is lightly wounded.
The iguana closely misses you.
Casting: Sting (safe; 11% risk of failure)
Confirm with . or Enter, or press ? or * to list all spells.
Aiming: Sting (safe; 11% risk of failure)
Press: ? - help, Shift-Dir - straight line, f - iguana
Aim: an iguana (lightly wounded, 72% to hit)
The sting misses the iguana.
The iguana bites you!
You die...

..... ...# #.## ...#
..... # ##..#...... #
...#...... ##### #
..#...... .....
#.##.#...... .....
#..l@....... #.....
#.....#.......# #.####
#.... #.......###+#.####
#######.####............
.......>..##..........[.
...<....#.##............
#########.##............
......................
#######)####..........


You could see an iguana.

Vanquished Creatures
  A dart slug (D:2)
  3 endoplasms
  A giant cockroach (D:1)
  2 goblins (D:2)
  A hobgoblin (D:1)
  2 jackals (D:1)
  4 kobolds
  3 quokkas (D:1)
  A ball python (D:1)
  A bat (D:1)
  A frilled lizard (D:1)
  4 rats
24 creatures vanquished.

Notes
Turn   | Place    | Note
-------+----------+-------------------------------------------
     0 | D:1      | CaptainMV the Human Wanderer began the quest for the Orb.
     0 | D:1      | CaptainMV set off with the following items: a +0 club, a
                  | potion of lignification, a +0 robe, a wand of flame (5);
                  | and the following spells available to memorise: Summon
                  | Small Mammal, Sting, Poisonous Vapours, Call Canine
                  | Familiar, Corpse Rot.
     0 | D:1      | Reached XP level 1. HP: 13/13 MP: 2/2
     7 | D:1      | Learned a level 1 spell: Sting
   568 | D:1      | Reached XP level 2. HP: 19/19 MP: 3/3
   648 | D:1      | Found a faded altar of an unknown god.
  1043 | D:2      | Reached XP level 3. HP: 17/24 MP: 2/4
  1402 | D:2      | Slain by an iguana

Illustrated notes

Levels and vault maps discovered:
D:1:      arrival_zaba_pyramid, layout_rooms,
          hellmonk_ecumenical_altar_arch_garden
D:2:      layout_basic, uniq_crazy_yiuf_cottage

Action                   || total
-------------------------++-------
Melee: Dagger            ||    88
       Punch             ||     1
 Cast: Sting             ||    13
  Use: Potion            ||     1
Armor: Robe              ||    18
       Skin              ||     8
Dodge: Dodged            ||    46
